 Dungeon Crawl Stone Soup version 0.27.1 (webtiles) character file.

Game seed: 326132624083521364

550 Sabo the Shield-Bearer (level 7, -2/44 HPs)
             Began as a Gargoyle Fighter on Aug 27, 2021.
             Was a Believer of Makhleb.
             Slain by a gnoll (4 damage)
             ... on level 4 of the Dungeon.
             The game lasted 00:16:59 (4083 turns).

Sabo the Shield-Bearer (Gargoyle Fighter)           Turns: 4083, Time: 00:17:00

Health: -2/44      AC: 14    Str: 21    XL:     7   Next: 29%
Magic:  7/7        EV:  6    Int:  8    God:    Makhleb [**....]
Gold:   125        SH: 10    Dex: 10    Spells: 6/6 levels left

rFire    . . .     SeeInvis .   a - +0 flail
rCold    . . .     Faith    .   c - +0 kite shield
rNeg     + . .     Spirit   .   d - +0 chain mail
rPois    ∞         Reflect  .   (no helmet)
rElec    +         Harm     .   (no cloak)
rCorr    .         Rampage  .   (no gloves)
Will     .....                  (no boots)
Stlth    ..........             (no amulet)
HPRegen  0.14/turn              (no ring)
MPRegen  0.10/turn              (no ring)

@: lit by a corona, glowing
A: sickness immunity, AC +4, negative energy resistance 1, electricity
resistance, torment resistance 1, petrification resistance
a: Renounce Religion, Minor Destruction


You were on level 4 of the Dungeon.
You worshipped Makhleb.
Makhleb was pleased with you.
You visited 1 branch of the dungeon, and saw 4 of its levels.

You collected 125 gold pieces.

Inventory:

Hand Weapons
 a - a +0 flail (weapon)
 i - a +0 fustibalus
Missiles
 g - 13 poisoned darts (quivered)
 h - 31 sling bullets
 j - 20 bolts
 k - 56 arrows
 q - 8 javelins
Armour
 b - a +0 scale mail
 c - a +0 kite shield (worn)
 d - a +0 chain mail (worn)
Scrolls
 f - a scroll of holy word {unknown}
 m - a scroll of teleportation {unknown}
 o - a scroll of immolation {unknown}
Potions
 e - a potion of cancellation
 l - a potion of mutation {unknown}
 n - a potion of haste {unknown}
 p - 3 potions of curing {unknown}


   Skills:
 + Level 4.6 Fighting
 + Level 4.8 Maces & Flails
 + Level 4.4 Armour
 + Level 1.2 Dodging
 + Level 0.8 Stealth
 + Level 5.3 Shields


You had 6 spell levels left.
You didn't know any spells.
Your spell library contained the following spells:

 Spells                   Type           Power      Damage    Failure   Level
 Frozen Ramparts          Ice            0%         1d2       100%        3
 Portal Projectile        Hex/Tloc       0%         N/A       100%        3
 Ice Form                 Ice/Tmut       0%         N/A       100%        4
 Summon Ice Beast         Ice/Summ       0%         N/A       100%        4
 Blade Hands              Tmut           0%         N/A       100%        5
 Excruciating Wounds      Necr           0%         N/A       100%        5


Dungeon Overview and Level Annotations

Branches:
Dungeon (4/15)
 Temple: D:4-7

Altars:
Gozag
Makhleb

Shops:
D:3 [


Innate Abilities, Weirdness & Mutations

You are immune to sickness and miasma.
Your stone body is resilient. (AC +4)
You are immune to poison.
You resist negative energy. (rN+)
You are resistant to electric shocks. (rElec)
You are resistant to unholy torment.
You are immune to petrification.


Message History

The gnoll shaman is severely wounded.
You block the gnoll's attack. x2
The gnoll shaman prays to its god.
The gnoll shaman is healed somewhat.
The gnoll barely misses you.
You hit the gnoll shaman but do no damage.
The gnoll shaman is heavily wounded.
The gnoll barely misses you. You block the gnoll shaman's attack.
The gnoll hits you from afar with a +0 spear.
* * * LOW HITPOINT WARNING * * *
The gnoll hits you from afar with a +0 spear.
* * * LOW HITPOINT WARNING * * *
Okay, then.
You closely miss the gnoll shaman.
The gnoll shaman is heavily wounded.
The gnoll shaman hits you but does no damage.
You block the gnoll's attack. The gnoll hits you but does no damage.
The gnoll shaman hits you with a +0 club.
* * * LOW HITPOINT WARNING * * *
You closely miss the gnoll shaman.
The gnoll shaman is heavily wounded.
The gnoll hits you but does no damage. The gnoll barely misses you.
The gnoll shaman hits you but does no damage.
You block the gnoll's attack.
You closely miss the gnoll shaman.
The gnoll shaman is heavily wounded.
You block the gnoll's attack. The gnoll shaman barely misses you.
The gnoll hits you from afar with a +0 spear.
* * * LOW HITPOINT WARNING * * *
The gnoll barely misses you.
You sock the gnoll shaman!
You kill the gnoll shaman!
Makhleb accepts your kill.
You feel better. The gnoll hits you but does no damage.
You block the gnoll's attack.
The gnoll hits you from afar with a +0 spear.
* * * LOW HITPOINT WARNING * * *
You completely miss the gnoll. You block the gnoll's attack.
The gnoll barely misses you.
The gnoll hits you from afar with a +0 spear.
You die...

### ###.# ....# .####
...## ##..########## ###
#. #.....<......# #@# ...
#....##..#.#####g#####....
#....##....#...gKg......#
...........#.###l#..#####
.............###.#.##
..................[#
#....##..##....#......g...
##..###.###..#.....##K.g..
........#........... ....


You could see an iguana, 3 gnolls and a kobold.

Vanquished Creatures
  Menkaure (D:4)
  A black bear (D:4)
  A phantom (D:4)
  A scorpion (D:4)
  A jelly (D:4)
  A gnoll shaman (D:4)
  6 adders
  A gnoll (D:4)
  4 worms
  3 dart slugs
  6 orcs
  4 ball pythons
  6 endoplasms
  4 giant cockroaches
  2 goblins (D:1)
  7 hobgoblins
  2 jackals (D:1)
  2 quokkas (D:1)
  4 bats
  4 frilled lizards (D:1)
  8 kobolds
  4 rats
73 creatures vanquished.

Vanquished Creatures (others)
  A fungus (D:4)
1 creature vanquished.

Grand Total: 74 creatures vanquished

Notes
Turn   | Place    | Note
-------+----------+-------------------------------------------
     0 | D:1      | Sabo the Gargoyle Fighter began the quest for the Orb.
     0 | D:1      | Reached XP level 1. HP: 14/14 MP: 1/1
   208 | D:1      | Reached XP level 2. HP: 19/19 MP: 2/2
   273 | D:1      | Found a faded altar of an unknown god.
   288 | D:1      | Became a worshipper of Makhleb the Destroyer
   288 | D:1      | Reached * piety under Makhleb
   714 | D:1      | Reached XP level 3. HP: 14/24 MP: 3/3
  1973 | D:2      | Reached XP level 4. HP: 11/29 MP: 4/4
  2325 | D:2      | Reached skill level 4 in Shields
  2766 | D:3      | Found Boetsed's Antique Armour Boutique.
  3687 | D:4      | Noticed Menkaure
  3690 | D:4      | Noticed a black bear
  3694 | D:4      | Reached XP level 5. HP: 33/33 MP: 5/5
  3696 | D:4      | Killed Menkaure
  3697 | D:4      | Reached XP level 6. HP: 36/38 MP: 6/6
  3700 | D:4      | Killed a black bear
  3700 | D:4      | Reached ** piety under Makhleb
  3881 | D:4      | Reached skill level 1 in Dodging
  3911 | D:4      | Found an opulent altar of Gozag.
  3928 | D:4      | Reached XP level 7. HP: 28/44 MP: 7/7
  4002 | D:4      | Reached skill level 5 in Shields
  4055 | D:4      | Identified the +2 robe of Beyond {*Slow Str+5}
  4082 | D:4      | HP: 2/44 [gnoll (4)]
  4083 | D:4      | Slain by a gnoll

Illustrated notes

Levels and vault maps discovered:
D:1:      sevenhm_arrival_forest_fort_large_2, layout_rooms,
          hellmonk_ecumenical_altar_zigzags, minmay_misc_feat_encased,
          grunt_decor_mini_mirrors
D:2:      layout_rooms
D:3:      layout_loops_ring, serial_shops, nicolae_shop_behind_doors,
          corexii_leaking_fountain
D:4:      minmay_opposing_rooms, layout_rooms, mainiacjoe_overflow_chevrons,
          portal_sewer_entry_a, small_statue_intersection, patterned_corridor,
          uniq_menkaure, uniq_grinder

Skill      XL: |  1  2  3  4  5  6  7 |
---------------+----------------------+-----
Maces & Flails | 3 4 |  4.8
Shields        | 4 5 |  5.3
Fighting       | 4 |  4.6
Armour         | 4 |  4.4
Dodging        | 1 |  1.2
Stealth        | |  0.8

Action                   |  1- 3 |  4- 6 |  7- 9 || total
-------------------------+-------+-------+-------++-------
Melee: Flail             |   141 |   146 |    36 ||   323
 Fire: Fustibalus        |       |     1 |       ||     1
  Use: Potion            |       |     2 |       ||     2
       Scroll            |       |     1 |       ||     1
Armor: Scale mail        |    92 |    92 |       ||   184
       Chain mail        |       |    13 |    29 ||    42
Dodge: Dodged            |    44 |    75 |     9 ||   128
Block: Kite shield       |    85 |   102 |    29 ||   216
